 Dungeon Crawl Stone Soup version 0.28.0-53-g5a82cb258f (webtiles) character file.

Game seed: 6938472717601349197

2 Descartes the Sneak (level 1, -1/10 HPs)
             Began as a Felid Delver on May 23, 2022.
             Killed from afar by an orc wizard (9 damage)
             ... with a magic dart
             ... on level 5 of the Dungeon.
             The game lasted 00:01:14 (379 turns).

Descartes the Sneak (Felid Delver)                   Turns: 379, Time: 00:01:14

Health: -1/10      AC:  1    Str:  8    XL:     1   Next: 25%
Magic:  2/2        EV: 17    Int: 11    God:
Gold:   0          SH:  0    Dex: 17    Spells: 0/0 levels left
                                        Lives:  0   Deaths: 0

rFire   . . .      SeeInvis +     - Unarmed
rCold   . . .      Faith    .   (shield unavailable)
rNeg    . . .      Spirit   .   (armour unavailable)
rPois   .          Reflect  .   (helmet unavailable)
rElec   .          Harm     .   (cloak unavailable)
rCorr   .          Rampage  .   (gloves unavailable)
Will    .....                   (boots unavailable)
Stlth   ++++......              (no amulet)
HPRegen 0.03/turn               (no ring)
MPRegen 0.08/turn               (no ring)

@: quick
A: very small, claws 1, fangs 3, see invisible, speed 1, shaggy fur 1, stealthy
paws, no weapons or thrown items, no armour, multi-lived
a: no special abilities


You were on level 5 of the Dungeon.
You visited 1 branch of the dungeon, and saw 1 of its levels.

Inventory:

Wands
 e - a wand of digging (3)
Scrolls
 a - a scroll of fog
 b - 4 scrolls of magic mapping
 c - a scroll of fear
 g - a scroll of identify {unknown}
Potions
 d - a potion of haste
 f - a potion of curing {unknown}


   Skills:
 - Level 3.0 Fighting
 + Level 2.7 Dodging
 * Level 6.6 Stealth
 + Level 2.0 Unarmed Combat


You couldn't memorise any spells.
You didn't know any spells.
Your spell library was empty.

Dungeon Overview and Level Annotations

Branches:
Dungeon (5/15)
 Temple: D:4-7

Altars:

Annotations:
D:5 1 transporter, Gabide's ghost, weakling BaDe


Innate Abilities, Weirdness & Mutations

You have sharp claws.
You have razor-sharp teeth.
You have supernaturally acute eyesight. (SInv)
You cover ground quickly. (Speed+)
You are covered in fur. (AC +1)
Your paws help you pounce on unaware monsters.
You are incapable of wielding weapons or throwing items.
You cannot wear armour.
You gain extra lives every three experience levels.


Message History

Ouch! That really hurt!
* * * LOW HITPOINT WARNING * * *
The orc shouts!
You scratch the orc. You bite the orc, but do no damage.
The orc is severely wounded.
The orc closely misses you.
The orc shouts!
The orc closely misses you. The orc hits you with a +0 mace.
* * * LOW HITPOINT WARNING * * *
The orc completely misses you.
An orc is nearby!
The orc shouts!
The orc barely misses you.
You scratch the orc.
You kill the orc!
Unknown command.
HP restored.
Things that are here:
a +0 mace; a +0 ring mail
Found a transporter.
Found 16 stones.
Gabide's ghost turns its malevolent gaze towards you.
You hear a chilling moan.
b - 4 scrolls of magic mapping (gained 3)
The orc wizard shouts! x2
Found a stone staircase leading down.
An orc wizard opens the door.
It is wielding a +0 dagger.
You scratch the orc wizard. You bite the orc wizard.
The orc wizard is moderately wounded.
The orc wizard closely misses you.
You barely miss the orc wizard.
The orc wizard is moderately wounded.
The orc wizard hits you with a +0 dagger.
You scratch the orc wizard.
The orc wizard is heavily wounded.
The orc wizard gestures at you while chanting.
The magic dart hits you!
Ouch! That really hurt!
You die...

#.# .. #.###.#### ..
##......... ..
...###.#####. #.
##...#....... #. ###..#
#.#### ##.# #....# # #.#
###....# .#.
#.#######...@..#
...##......(..###o.##
#..#..#...#...#.'...#
.=/#©..###..###.###.# #
.#$#...#
#..#..:oo#.##.##
#.##..###..###o###.....#
#. #.#...#...#.#...##..#
. #.######..###..## ...#
#. #.# #......## >..


You could see an orc wizard.

Vanquished Creatures
  An orc (D:5)
1 creature vanquished.

Notes
Turn   | Place    | Note
-------+----------+-------------------------------------------
     0 | D:5      | Descartes the Felid Delver began the quest for the Orb.
     0 | D:5      | Reached XP level 1. HP: 10/10 MP: 2/2
   343 | D:5      | Found a transporter.
   347 | D:5      | Noticed Gabide's ghost (weakling BaDe)
   348 | D:5      | Noticed a quasit
   350 | D:5      | Noticed a quasit
   355 | D:5      | Noticed an orc wizard
   356 | D:5      | Noticed an orc wizard
   365 | D:5      | Noticed an orc wizard
   366 | D:5      | Noticed an orc wizard
   379 | D:5      | Killed from afar by an orc wizard

Illustrated notes

Levels and vault maps discovered:
D:5:      layout_loops_corners, gammafunk_ghost_stat_death,
          kennysheep_nondescript, minmay_a_box_with_orc_wizards_in_it

Action                   || total
-------------------------++-------
Melee: Unarmed           ||     7
       Bite              ||     2
Dodge: Dodged            ||     6
